Map: Eastwatch LE

Players

Dark - Winner!

  • Race: Zerg Zerg
  • Spawn Location: 7:00

Scarlett

  • Race: Zerg Zerg
  • League: Master
  • Spawn Location: 1:00

Event: WESG 2017 Haikou

VOD

Have the link to the VOD?

Description

Time

  • Played on: March 17, 2018, 2:08 a.m.
  • Length: 3:36

All games in this series

Show
View Real Time Build Order
Export as new Build Order

Dark Zerg - Winner!

Build Orders: Pool First 

Get SALT Encoding   

  12  0:00  Drone  
  13  0:11  Extractor  
  12  0:24  Spawning Pool  
  12  0:28  Drone  
  12  0:33  Drone  
  13  0:38  Drone  
  14  0:49  Overlord  
  14  1:10  Queen  
  16  1:11  Zergling x2  
  16  1:17  Metabolic Boost  
  17  1:21  Zergling x2  
  18  1:26  Zergling x2  
  18  1:30  Zergling x2  
  20  1:34  Zergling x2  
  21  1:44  Overlord  
  21  1:55  Zergling x2  
  22  2:09  Zergling x2  
  23  2:19  Zergling x6  
  26  2:30  Zergling x2  
  26  2:33  Hatchery  
  26  2:44  Zergling x4  
  27  2:51  Baneling Nest  
  27  2:52  Zergling x2  
  27  2:59  Zergling x2  
  28  3:08  Zergling x4  
  28  3:13  Zergling x2  
Show
View Real Time Build Order
Export as new Build Order

Scarlett Zerg 

Build Orders: Hatch First 

Get SALT Encoding   

  12  0:00  Drone  
  13  0:12  Overlord  
  13  0:17  Drone  
  14  0:31  Drone x2  
  14  0:34  Drone  
  17  0:51  Hatchery  
  17  0:54  Drone  
  17  0:57  Drone  
  18  1:08  Extractor  
  17  1:13  Spawning Pool  
  17  1:15  Drone  
  17  1:19  Drone  
  18  1:28  Drone  
  19  1:38  Drone  
  20  1:49  Overlord  
  20  1:59  Queen  
  22  2:02  Queen  
  22  2:04  Drone x2  
  22  2:08  Metabolic Boost  
  26  2:11  Drone  
  27  2:16  Drone  
  29  2:22  Zergling x2  
  29  2:26  Zergling x2  
  30  2:34  Zergling x2  
  30  2:35  Queen  
  30  2:50  Spine Crawler  
  29  2:55  Zergling x2  
  30  3:03  Zergling x2  
  30  3:04  Zergling x2  
  30  3:05  Zergling x4  
  32  3:10  Zergling x2  
  31  3:14  Zergling x2  
Tags
 
Add a new tag
Caveats
  • Supply blocks, unpowered buildings, or Contaminate may cause inaccurate times.
  • Supply counts are checked every 10 seconds.